AoeStats
← aDT_The Night Panda

Nomad

503165607Analyzed
3v3 RM · 1mo ago on Aug 30, 2026· 20m 16s· 6 players
Game mode
Random Map
Map size
210×210
Population
200
Speed
Normal
Resources
Standard
Victory
Conquest
Starting age
Dark Age
Ending age
Imperial Age
RankedLock teamsTeams togetherTeam positionsShared explorationLock speedFull tech treeHidden civsTurbo modeCheats
Victory
Defeat
🇩🇰 Cumans · Denmark
1692
+11
🇩🇰 Malians · Denmark
1685
+11
🇩🇰 Lithuanians · Denmark
1682
+11
🇩🇪 Byzantines · Germany
1618
-13
🇩🇪 Goths · Germany
1597
-12
🇨🇱 Franks · Chile
1516
-9
b4ron1
4:16 Loom
12:51 Feudal Age
17:36 Castle Age
17:32 Fletching
19:07 Double-Bit Axe
FunKinGGusTI
5:02 Loom
12:42 Feudal Age
16:48 Castle Age
Hennessy
6:16 Loom
13:14 Feudal Age
17:29 Castle Age
16:15 Double-Bit Axe
18:33 Bow Saw
DK | MF
12:42 Feudal Age
11:12 Loom
16:42 Castle Age
15:04 Scale Barding Armor
15:43 Forging
16:40 Bloodlines
20:30 Iron Casting
aDT_The Night Panda
10:02 Loom
12:13 Feudal Age
18:29 Castle Age
DK | Mauseren
8:29 Loom
13:17 Feudal Age
14:33 Double-Bit Axe
20:21 Castle Age
18:51 Fishing Lines
Connection lost

Rejoining the realm…

Still unreachable

The connection could not be restored.

Session expired

The server has moved on; the page needs a fresh start.